 Dungeon Crawl Stone Soup version 0.18-a0-1788-g92de1ac (webtiles) character file.

83 namelastname112 the Ruffian (level 4, -1/35 HPs)
             Began as a Draconian Transmuter on Apr 19, 2016.
             Slain by Shenda's ghost (9 damage)
             ... on level 3 of the Dungeon.
             The game lasted 00:03:19 (1969 turns).

namelastname112 the Ruffian (Draconian Transmuter)  Turns: 1969, Time: 00:03:20

Health: -1/35      AC:  5    Str: 13    XL:     4   Next: 22%
Magic:  6/7        EV: 12    Int: 13    God:
Gold:   68         SH:  0    Dex: 12    Spells: 3 memorised, 1 level left

rFire  . . .     SeeInvis .       - Unarmed
rCold  . . .     Gourm    .     (armour unavailable)
rNeg   + . .     Faith    .     (no shield)
rPois  .         Spirit   .     (helmet restricted)
rElec  .         Dismiss  .     (no cloak)
rCorr  .         Reflect  .     (no gloves)
SustAt .         Harm     .     (no boots)
MR     .....                    (no amulet)
Stlth  ..........               i - ring of positive energy
                                d - ring of loudness

@: not resistant to hostile enchantments, extremely unstealthy
A: unfitting armour, cold-blooded, AC +5
a: no special abilities


You were on level 3 of the Dungeon.
You were very hungry.

You visited 1 branch of the dungeon, and saw 3 of its levels.

You collected 68 gold pieces.

Inventory:

Missiles
 a - 48 arrows
Jewellery
 d - a ring of loudness (left hand)
 i - a ring of positive energy (right hand)
Scrolls
 h - 3 scrolls of remove curse
Potions
 e - a potion of flight
 g - a potion of curing
Books
 b - a book of Changes

   Spells                             Type                      Level
   a - Beastly Appendage              Transmutation                1
   b - Sticks to Snakes               Transmutation                2
   c - Spider Form                    Transmutation/Poison         3
   d - Ice Form                       Ice/Transmutation            4
   e - Blade Hands                    Transmutation                5
Comestibles
 c - a bread ration
 f - 2 meat rations


   Skills:
 - Level 1.1 Fighting
 - Level 1.7 Dodging
 * Level 5.0 Unarmed Combat
 - Level 2.0 Spellcasting
 + Level 2.2 Transmutations


You had one spell level left.
You knew the following spells:

 Your Spells              Type           Power        Failure   Level  Hunger
a - Beastly Appendage     Trmt           #.....       12%         1    ##.....
c - Sticks to Snakes      Trmt           #.......     17%         2    ###....
x - Spider Form           Trmt/Pois      #.........   52%         3    ####...


Dungeon Overview and Level Annotations

Branches:
Dungeon (3/15)

Altars:
Okawaru
Xom
Yredelemnul

Annotations:
D:3 Shenda's ghost, amateur MiFi


Innate Abilities, Weirdness & Mutations

Your plain brown scales are hard (AC +5).
Your body does not fit into most forms of armour.
You are cold-blooded and may be slowed by cold attacks.


Message History

Shenda's ghost is moderately damaged.
Shenda's ghost hits you!
You take 11 damage, and have 24/35 hp.
MASSIVE DAMAGE!!
You punch Shenda's ghost!
Shenda's ghost is heavily damaged.
Shenda's ghost hits you!
You take 8 damage, and have 16/35 hp.
MASSIVE DAMAGE!!
You hit Shenda's ghost.
Shenda's ghost is heavily damaged.
Shenda's ghost hits you.
* * * LOW HITPOINT WARNING * * *
You take 6 damage, and have 10/35 hp.
Shenda's ghost shrieks, "You must not succeed where I failed!"
Shenda's ghost misses you. Shenda's ghost hits you.
* * * LOW HITPOINT WARNING * * *
You take 6 damage, and have 5/35 hp.
Shenda's ghost shrieks, "Death is your only future!"
Shenda's ghost hits you!
You die...

#...........#.....#
#...#########.....#
#...# ...#.....#
#...### ...#.....#
#.....## ...#.....#
#...#..##...#.....#
#...##..#...###.###
#...###W....# #.#
########.#####@...# #_#
#..........###....#####
#....................#
#..........#.......###
#......)...#.÷.....###
#..........#..........
#..........#..........
#..........#.......###
#.[........###..####


You could see Shenda's ghost.

Vanquished Creatures
  An adder (D:2)
  A gnoll (D:2)
  An ooze (D:2)
  3 worms (D:2)
  3 dart slugs
  An orc (D:2)
  A ball python (D:1)
  3 bats
  A giant cockroach (D:2)
  4 goblins
  6 hobgoblins
  7 kobolds
  4 giant newts
  2 gnoll zombies (D:3)
  10 rats
48 creatures vanquished.

Notes
Turn   | Place    | Note
--------------------------------------------------------------
     0 | D:1      | namelastname112 the Draconian Transmuter began the quest for the Orb.
     0 | D:1      | Reached XP level 1. HP: 16/16 MP: 3/3
    49 | D:1      | Found a shimmering altar of Xom.
   152 | D:1      | Reached XP level 2. HP: 22/23 MP: 5/5
   159 | D:1      | Learned a level 2 spell: Sticks to Snakes
   286 | D:1      | xeno23: а хуй знает
   291 | D:1      | xeno23: но работает исправно
   789 | D:1      | namelastname112: это наверное лучший ножик для вампира
   899 | D:2      | Reached skill level 4 in Unarmed Combat
   958 | D:2      | Reached XP level 3. HP: 28/28 MP: 6/6
  1045 | D:2      | HP: 1/28 [worm (7)]
  1225 | D:2      | Learned a level 3 spell: Spider Form
  1362 | D:2      | Found an iron altar of Okawaru.
  1408 | D:2      | Reached XP level 4. HP: 7/35 MP: 1/7
  1736 | D:3      | Noticed Shenda's ghost (amateur MiFi)
  1781 | D:3      | Found a basalt altar of Yredelemnul.
  1809 | D:3      | Reached skill level 5 in Unarmed Combat
  1969 | D:3      | Slain by Shenda's ghost

Vault maps used:
D:1:      dpeg_arrival_pits, xom_teletrap_fun
D:2:      okawaru_altar_gauntlet_db
D:3:      lemuel_zombie_altar_yredelemnul, uniq_terence, uniq_grinder

Skill      XL: |  1  2  3  4 |
---------------+-------------+-----
Unarmed Combat | 4 5 |  5.0
Fighting       | |  1.1
Dodging        | |  1.7
Spellcasting   | |  2.0
Transmutations | |  2.2

Action                   |  1- 3 |  4- 6 || total
-------------------------+-------+-------++-------
Melee: Unarmed           |   121 |    43 ||   164
       Tailslap          |    13 |     4 ||    17
       Punch             |       |     1 ||     1
 Cast: Sticks to Snakes  |     2 |     3 ||     5
       Spider Form       |     2 |       ||     2
  Use: Potion            |     4 |       ||     4
       Scroll            |       |     2 ||     2
  Eat: Chunk             |     1 |     2 ||     3
Armor: Skin              |    26 |     7 ||    33
Dodge: Dodged            |    78 |    26 ||   104
